BSA
BIRMINGHAM STEELDOGS @ ORLANDO CALRISSIAN
08/15/2026
 
TOP OF THE 1ST
Birmingham Steeldogs batting - Pitching for Orlando Calrissian : RHP Dave Heath
Pitching: RHP Dave Heath
Batting: RHB Nick Webb 0-0: Ball
1-0: Called Strike
1-1: Foul Ball, location: 2F
1-2: Ball
2-2: Fly out, F4 (Popup, 4)
Batting: LHB Mitchell Oglethorpe 0-0: Foul Ball, location: 2F
0-1: Ball
1-1: Ball
2-1: SINGLE (Groundball, 34)
Pitching: LHP Clarence Skerratt
Batting: LHB Chris Miller 0-0: Ball
1-0: Grounds out, U3 (Groundball, 3L)
Batting: LHB Arturo Molina 0-0: Ball
1-0: Ball
2-0: SINGLE (Groundball, 3D)
Mitchell Oglethorpe to third
Runner from 3rd tries for Home, SAFE, no throw or cutoff
Batting: RHB Eric Johnson 0-0: Ball
1-0: Foul Ball, location: 2F
1-1: SINGLE (Line Drive, 6MD)
Arturo Molina to second
Batting: LHB José Martínez 0-0: Called Strike
0-1: Ball
1-1: Ball
2-1: SINGLE (Groundball, 4MD)
Arturo Molina to third
Eric Johnson to second
Batting: RHB Lorenzo Martínez 0-0: Ball
1-0: Called Strike
1-1: Foul Ball, location: 2F
1-2: GRAND SLAM HOME RUN (Line Drive, 8LD), Distance : 405 ft
Batting: RHB Carlos García 0-0: Ball
1-0: SOLO HOME RUN (Flyball, 78XD), Distance : 393 ft
Batting: RHB Jean-Paul St-Pierre 0-0: SINGLE (Line Drive, 7LS)
Batting: RHB Nick Webb 0-0: Ball
1-0: Foul Ball, location: 2F
1-1: Ground out 4-3 (Groundball, 34)
Top of the 1st over - 6 run(s), 7 hit(s), 0 error(s), 1 left on base; Birmingham 6 - Orlando 0
BOTTOM OF THE 1ST
Orlando Calrissian batting - Pitching for Birmingham Steeldogs : RHP Arthur Green
Pitching: RHP Arthur Green
Batting: LHB Danny Allen 0-0: Ground out 4-3 (Groundball, 4)
Batting: SHB Tim Abbott 0-0: Called Strike
0-1: Ball
1-1: Ball
2-1: Ball
3-1: Foul Ball, location: 2F
3-2: Base on Balls
Batting: RHB Rich Anderson 0-0: Ball
1-0: Called Strike
1-1: Ball
2-1: SINGLE (Groundball, 4M)
Tim Abbott to second
Batting: LHB Santiago Márquez 0-0: Ball
1-0: Ball
2-0: Foul Ball, location: 2F
2-1: Foul Ball, location: 2F
2-2: Ball
3-2: Base on Balls
Tim Abbott to third
Rich Anderson to second
Batting: LHB Juan Colón 0-0: Called Strike
0-1: Foul Ball, location: 2F
0-2: Ball
1-2: Foul Ball, location: 2F
1-2: Ball
2-2: Strikes out swinging
Batting: RHB Kenny Cole 0-0: Ball
1-0: DOUBLE (Line Drive, 9LM)
Tim Abbott scores
Rich Anderson scores
Santiago Márquez to third
Batting: RHB Frederico Hernández 0-0: Ball
1-0: Ball
2-0: Foul Ball, location: 2F
2-1: Foul Ball, location: 2F
2-2: Ball
3-2: Base on Balls
Batting: RHB Robby Lewis 0-0: Called Strike
0-1: Called Strike
0-2: Foul Ball, location: 2F
0-2: Ball
1-2: Ball
2-2: SINGLE (Line Drive, 4M)
Santiago Márquez scores
Kenny Cole to third
Frederico Hernández to second
Runner from 3rd tries for Home, SAFE, no throw or cutoff
Batting: RHB Enrique Bermúdez 0-0: Called Strike
0-1: Ground out 6-3 (Groundball, 6)
Bottom of the 1st over - 4 run(s), 3 hit(s), 0 error(s), 2 left on base; Birmingham 6 - Orlando 4
TOP OF THE 2ND
Birmingham Steeldogs batting - Pitching for Orlando Calrissian : LHP Clarence Skerratt
Batting: LHB Mitchell Oglethorpe 0-0: Ball
1-0: Ball
2-0: Foul Ball, location: 2F
2-1: Fly out, F9 (Flyball, 89M)
Batting: LHB Chris Miller 0-0: Ball
1-0: DOUBLE (Flyball, 89D)
Batting: LHB Arturo Molina 0-0: Ball
1-0: Ball
2-0: Foul Ball, location: 2F
2-1: Fly out, F6 (Popup, 6MD)
Batting: RHB Eric Johnson 0-0: Called Strike
0-1: Foul Ball, location: 2F
0-2: Hit by Pitch
Batting: LHB José Martínez 0-0: Ball
1-0: Ball
2-0: Ball
3-0: Base on Balls
Chris Miller to third
Eric Johnson to second
Batting: RHB Lorenzo Martínez 0-0: Ball
1-0: Ball
2-0: Swinging Strike
2-1: Called Strike
2-2: SINGLE (Line Drive, 56D)
Chris Miller scores
Eric Johnson to third
José Martínez to second
Runner from 3rd tries for Home, SAFE, throw made at trailing runner, SAFE at third!
Batting: RHB Carlos García 0-0: Swinging Strike
0-1: Swinging Strike
0-2: Foul Ball, location: 2F
0-2: Foul Ball, location: 2F
0-2: Ball
1-2: Fly out, F8 (Flyball, 8RM)
Top of the 2nd over - 2 run(s), 2 hit(s), 0 error(s), 2 left on base; Birmingham 8 - Orlando 4
BOTTOM OF THE 2ND
Orlando Calrissian batting - Pitching for Birmingham Steeldogs : RHP Arthur Green
Batting: LHB Danny Allen 0-0: Called Strike
0-1: Ball
1-1: Ball
2-1: Swinging Strike
2-2: Ball
3-2: Foul Ball, location: 2F
3-2: Foul Ball, location: 2F
3-2: Base on Balls
Batting: SHB Tim Abbott 0-0: Ball
1-0: Called Strike
1-1: Ball
2-1: Fielders Choice at 2nd, 4-6 (Groundball, 4)
Batting: RHB Rich Anderson 0-0: Ball
1-0: Foul Ball, location: 2F
1-1: Swinging Strike
1-2: Grounds into double play, 1-4-3 (Groundball, 13S)
Bottom of the 2nd over - 0 run(s), 0 hit(s), 0 error(s), 0 left on base; Birmingham 8 - Orlando 4
TOP OF THE 3RD
Birmingham Steeldogs batting - Pitching for Orlando Calrissian : LHP Clarence Skerratt
Pitching: RHP Bernardo Hernández
Batting: RHB Jean-Paul St-Pierre 0-0: DOUBLE (Line Drive, 9LM)
Batting: RHB Nick Webb 0-0: Swinging Strike
0-1: Called Strike
0-2: Ball
1-2: Reached on Error, E9 (Flyball, 9M)
Jean-Paul St-Pierre to third
Batting: LHB Mitchell Oglethorpe 0-0: Called Strike
0-1: Ball
Wild Pitch!
Jean-Paul St-Pierre scores
Nick Webb to second
1-1: Ball
2-1: Foul Ball, location: 2F
2-2: Foul Ball, location: 2F
2-2: Foul Ball, location: 2F
2-2: Reached on error, E3 (Groundball, 3)
Nick Webb to third
Batting: LHB Chris Miller 0-0: Ball
1-0: Fielders Choice at 2nd, 4-6 (Groundball, 4)
Nick Webb scores
Batting: LHB Arturo Molina 0-0: Ball
1-0: Called Strike
1-1: Ball
2-1: Foul Ball, location: 2F
2-2: Fly out, F7 (Line Drive, 78D)
Batting: RHB Eric Johnson 0-0: Ground out 5-3 (Groundball, 56S)
Top of the 3rd over - 2 run(s), 1 hit(s), 2 error(s), 1 left on base; Birmingham 10 - Orlando 4
BOTTOM OF THE 3RD
Orlando Calrissian batting - Pitching for Birmingham Steeldogs : RHP Arthur Green
Batting: LHB Santiago Márquez 0-0: Ball
1-0: Called Strike
1-1: Foul Ball, location: 2F
1-2: Ball
2-2: Ball
3-2: Fly out, F7 (Flyball, 7LM)
Batting: LHB Juan Colón 0-0: Called Strike
0-1: Called Strike
0-2: Strikes out swinging
Batting: RHB Kenny Cole 0-0: Called Strike
0-1: Ball
1-1: Ball
2-1: Ball
3-1: Base on Balls
Batting: RHB Frederico Hernández 0-0: Called Strike
Kenny Cole steals 2nd base
0-1: Fly out, F9 (Flyball, 9M)
Bottom of the 3rd over - 0 run(s), 0 hit(s), 0 error(s), 1 left on base; Birmingham 10 - Orlando 4
TOP OF THE 4TH
Birmingham Steeldogs batting - Pitching for Orlando Calrissian : RHP Bernardo Hernández
Batting: LHB José Martínez 0-0: Ball
1-0: Swinging Strike
1-1: Ball
2-1: Ball
3-1: Base on Balls
Batting: RHB Lorenzo Martínez 0-0: Swinging Strike
0-1: Called Strike
0-2: Strikes out looking
Batting: RHB Carlos García 0-0: Called Strike
0-1: Ball
1-1: SINGLE (Line Drive, 3D)
José Martínez to second
Batting: RHB Jean-Paul St-Pierre 0-0: Ball
1-0: Ball
2-0: Called Strike
2-1: Called Strike
2-2: Grounds into double play, 3-6-3 (Groundball, 3)
Top of the 4th over - 0 run(s), 1 hit(s), 0 error(s), 1 left on base; Birmingham 10 - Orlando 4
BOTTOM OF THE 4TH
Orlando Calrissian batting - Pitching for Birmingham Steeldogs : RHP Arthur Green
Batting: RHB Robby Lewis 0-0: Ground out 6-3 (Groundball, 6)
Batting: RHB Enrique Bermúdez 0-0: Called Strike
0-1: Fly out, F8 (Flyball, 8LXD)
Batting: LHB Danny Allen 0-0: Called Strike
0-1: Ball
1-1: Called Strike
1-2: Foul Ball, location: 2F
1-2: Foul Ball, location: 2F
1-2: Foul Ball, location: 2F
1-2: SINGLE (Groundball, 4M)
Batting: SHB Tim Abbott 0-0: Called Strike
0-1: Ground out 4-3 (Groundball, 4)
Bottom of the 4th over - 0 run(s), 1 hit(s), 0 error(s), 1 left on base; Birmingham 10 - Orlando 4
TOP OF THE 5TH
Birmingham Steeldogs batting - Pitching for Orlando Calrissian : RHP Bernardo Hernández
Batting: RHB Nick Webb 0-0: Called Strike
0-1: TRIPLE (Line Drive, 9LS)
Batting: LHB Mitchell Oglethorpe 0-0: Ball
1-0: Ball
2-0: Ball
3-0: Swinging Strike
3-1: Base on Balls
Pitching: LHP Richard Dorris
Batting: LHB Chris Miller 0-0: Ball
1-0: Foul Ball, location: 2F
1-1: Swinging Strike
1-2: Grounds into double play, 4-6-3 (Groundball, 4)
Nick Webb scores
Batting: LHB Arturo Molina 0-0: DOUBLE (Flyball, 89XD)
Batting: RHB Eric Johnson 0-0: Called Strike
0-1: Ball
1-1: Called Strike
1-2: Ball
2-2: Foul Ball, location: 2F
2-2: Strikes out swinging
Top of the 5th over - 1 run(s), 2 hit(s), 0 error(s), 1 left on base; Birmingham 11 - Orlando 4
BOTTOM OF THE 5TH
Orlando Calrissian batting - Pitching for Birmingham Steeldogs : RHP Arthur Green
Batting: RHB Rich Anderson 0-0: Ground out 5-3 (Groundball, 5)
Batting: LHB Santiago Márquez 0-0: Called Strike
0-1: Foul Ball, location: 2F
0-2: Ground out 4-3 (Groundball, 4)
Batting: LHB Juan Colón 0-0: Foul Ball, location: 2F
0-1: Ball
1-1: Ball
2-1: Ball
3-1: Foul Ball, location: 2F
3-2: Base on Balls
Batting: RHB Kenny Cole 0-0: Foul Ball, location: 2F
0-1: Ball
1-1: Ball
2-1: Foul Ball, location: 2F
2-2: Ball
3-2: Foul Ball, location: 2F
3-2: Strikes out looking
Bottom of the 5th over - 0 run(s), 0 hit(s), 0 error(s), 1 left on base; Birmingham 11 - Orlando 4
TOP OF THE 6TH
Birmingham Steeldogs batting - Pitching for Orlando Calrissian : LHP Richard Dorris
Batting: LHB José Martínez 0-0: Ball
1-0: Foul Ball, location: 2F
1-1: Fly out, F6 (Popup, 6D)
Batting: RHB Lorenzo Martínez 0-0: Foul Ball, location: 2F
0-1: Called Strike
0-2: Foul Ball, location: 2F
0-2: Ball
1-2: Foul Ball, location: 2F
1-2: SINGLE (Line Drive, 56D)
Batting: RHB Carlos García 0-0: Ball
1-0: Called Strike
1-1: SINGLE (Line Drive, 34)
Lorenzo Martínez to second
Batting: RHB Jean-Paul St-Pierre 0-0: Called Strike
0-1: Ball
1-1: SINGLE (Line Drive, 89M)
Lorenzo Martínez to third
Carlos García to second
Batting: RHB Nick Webb 0-0: Called Strike
0-1: SINGLE (Groundball, 6)
Lorenzo Martínez scores
Carlos García to third
Jean-Paul St-Pierre to second
Runner from 3rd tries for Home, SAFE, throw made home
Jean-Paul St-Pierre to third
Nick Webb to second
Batting: LHB Mitchell Oglethorpe 0-0: Ball
1-0: Ball
Wild Pitch!
Jean-Paul St-Pierre scores
Nick Webb to third
2-0: Ball
3-0: Base on Balls
Batting: LHB Chris Miller 0-0: Called Strike
0-1: Called Strike
0-2: Foul Ball, location: 2F
0-2: SINGLE (Groundball, 34D)
Nick Webb scores
Mitchell Oglethorpe to second
Runner from 2nd tries for 3rd, SAFE, throw made to third
Batting: LHB Arturo Molina 0-0: Called Strike
0-1: Ball
1-1: Grounds into double play, 6-4-3 (Groundball, 6)
Top of the 6th over - 4 run(s), 5 hit(s), 0 error(s), 1 left on base; Birmingham 15 - Orlando 4
BOTTOM OF THE 6TH
Orlando Calrissian batting - Pitching for Birmingham Steeldogs : RHP Arthur Green
Pitching: RHP Michel Dallaire
Batting: RHB Frederico Hernández 0-0: Ball
1-0: Foul Ball, location: 2F
1-1: Bunt for hit - play at first, batter OUT! 1-3
Batting: RHB Robby Lewis 0-0: Called Strike
0-1: Ball
1-1: Ball
2-1: Foul Ball, location: 2F
2-2: Foul Ball, location: 2F
2-2: Strikes out swinging
Batting: RHB Enrique Bermúdez 0-0: Fly out, F6 (Popup, 7S)
Bottom of the 6th over - 0 run(s), 0 hit(s), 0 error(s), 0 left on base; Birmingham 15 - Orlando 4
TOP OF THE 7TH
Birmingham Steeldogs batting - Pitching for Orlando Calrissian : LHP Richard Dorris
Batting: RHB Eric Johnson 0-0: Ball
1-0: Ball
2-0: Called Strike
2-1: SOLO HOME RUN (Flyball, 7D), Distance : 370 ft
Batting: LHB José Martínez 0-0: Ball
1-0: Swinging Strike
1-1: Fly out, F9 (Line Drive, 89S)
Batting: RHB Lorenzo Martínez 0-0: Ball
1-0: Called Strike
1-1: Called Strike
1-2: Foul Ball, location: 2F
1-2: Ball
2-2: Ball
3-2: Base on Balls
Batting: RHB Carlos García 0-0: Ball
1-0: Called Strike
1-1: Ball
2-1: Ball
3-1: Base on Balls
Lorenzo Martínez to second
Batting: RHB Jean-Paul St-Pierre 0-0: Ball
1-0: DOUBLE (Flyball, 8RXD)
Lorenzo Martínez scores
Carlos García to third
Batting: RHB Nick Webb 0-0: Foul Ball, location: 2F
0-1: Called Strike
0-2: Fly out, F9 (Flyball, 9M)
Pitching: RHP Reagan Wear
Batting: LHB Mitchell Oglethorpe 0-0: Called Strike
0-1: Fly out, F9 (Flyball, 9S)
Top of the 7th over - 2 run(s), 2 hit(s), 0 error(s), 2 left on base; Birmingham 17 - Orlando 4
BOTTOM OF THE 7TH
Orlando Calrissian batting - Pitching for Birmingham Steeldogs : RHP Michel Dallaire
Batting: LHB Danny Allen 0-0: Called Strike
0-1: Ball
1-1: Ball
2-1: DOUBLE (Flyball, 7LD)
Pinch Hitting: RHB Albert Chávez 0-0: Ball
1-0: Ground out 5-3 (Groundball, 5)
Batting: RHB Rich Anderson 0-0: Ball
1-0: Foul Ball, location: 2F
1-1: Ball
2-1: Ball
3-1: Called Strike
3-2: Ground out 6-3 (Groundball, 6)
Danny Allen to third
Batting: LHB Santiago Márquez 0-0: Called Strike
0-1: Ball
1-1: Foul Ball, location: 2F
1-2: Ball
2-2: Ball
3-2: Base on Balls
Batting: LHB Juan Colón 0-0: Foul Ball, location: 2F
0-1: Ball
1-1: Foul Ball, location: 2F
1-2: Strikes out swinging
Bottom of the 7th over - 0 run(s), 1 hit(s), 0 error(s), 2 left on base; Birmingham 17 - Orlando 4
TOP OF THE 8TH
Birmingham Steeldogs batting - Pitching for Orlando Calrissian : RHP Reagan Wear
Now at SS: Albert Chávez
Batting: LHB Chris Miller 0-0: Foul Ball, location: 2F
0-1: Called Strike
0-2: Foul Ball, location: 2F
0-2: Ball
1-2: Strikes out swinging
Batting: LHB Arturo Molina 0-0: Called Strike
0-1: Ball
1-1: Swinging Strike
1-2: Fly out, F8 (Flyball, 8RXD)
Pinch Hitting: RHB Júlio Pacheco 0-0: Ball
1-0: Fly out, F8 (Flyball, 8RM)
Top of the 8th over - 0 run(s), 0 hit(s), 0 error(s), 0 left on base; Birmingham 17 - Orlando 4
BOTTOM OF THE 8TH
Orlando Calrissian batting - Pitching for Birmingham Steeldogs : RHP Michel Dallaire
Pitching: RHP César López
Now at 1B: Júlio Pacheco
Batting: RHB Kenny Cole 0-0: Fly out, F7 (Flyball, 7S)
Batting: RHB Frederico Hernández 0-0: Foul Ball, location: 2F
0-1: Called Strike
0-2: Foul Ball, location: 2F
0-2: Foul Ball, location: 2F
0-2: Fly out, F8 (Flyball, 8LM)
Batting: RHB Robby Lewis 0-0: Called Strike
0-1: SOLO HOME RUN (Line Drive, 78XD), Distance : 423 ft
Batting: RHB Enrique Bermúdez 0-0: Called Strike
0-1: Foul Ball, location: 2F
0-2: Ball
1-2: Fly out, F9 (Flyball, 9M)
Bottom of the 8th over - 1 run(s), 1 hit(s), 0 error(s), 0 left on base; Birmingham 17 - Orlando 5
TOP OF THE 9TH
Birmingham Steeldogs batting - Pitching for Orlando Calrissian : RHP Reagan Wear
Batting: LHB José Martínez 0-0: Called Strike
0-1: Ball
1-1: Ball
2-1: Ball
3-1: Called Strike
3-2: Strikes out swinging
Batting: RHB Lorenzo Martínez 0-0: Swinging Strike
0-1: Ball
1-1: Swinging Strike
1-2: Ball
2-2: Foul Ball, location: 2F
2-2: Ball
3-2: Ground out 5-3 (Groundball, 56)
Batting: RHB Carlos García 0-0: Ball
1-0: Swinging Strike
1-1: Called Strike
1-2: Fly out, F9 (Popup, 4D)
Top of the 9th over - 0 run(s), 0 hit(s), 0 error(s), 0 left on base; Birmingham 17 - Orlando 5
BOTTOM OF THE 9TH
Orlando Calrissian batting - Pitching for Birmingham Steeldogs : RHP César López
Batting: LHB Danny Allen 0-0: Ball
1-0: Ball
2-0: Foul Ball, location: 2F
2-1: Ball
3-1: Called Strike
3-2: Fly out, F8 (Flyball, 8RM)
Batting: RHB Albert Chávez 0-0: Called Strike
0-1: Fly out, F7 (Flyball, 7M)
Batting: RHB Rich Anderson 0-0: Called Strike
0-1: Ball
1-1: Ball
2-1: Foul Ball, location: 2F
2-2: Strikes out swinging
Bottom of the 9th over - 0 run(s), 0 hit(s), 0 error(s), 0 left on base; Birmingham 17 - Orlando 5
Monday, December 5th, 2016 - OOTP Baseball 17.12 Build 75